 Dungeon Crawl Stone Soup version 0.30-a0-187-gd9c2deaf24 (webtiles) character file.

Game seed: 953430252200178677

116 lunkers the Chopper (level 5, -2/35 (41) HPs)
             Began as a Meteoran Reaver on Oct 4, 2022.
             Slain by Eustachio
             ... wielding a +0 rapier
              (8 damage)
             ... on level 4 of the Dungeon.
             The game lasted 00:03:39 (878 turns).

lunkers the Chopper (Meteoran Reaver)                Turns: 878, Time: 00:03:40

HP:   -2/35 (41)    AC:  4    Str: 16      XL:     5   Next: 45%
MP:   10/10         EV: 12    Int: 14      God:
Gold: 124           SH:  0    Dex: 11 (12) Spells: 6/9 levels left

rFire   . . .      SeeInvis .    a - +1 battleaxe (flame)
rCold   . . .      Faith    .    (shield currently unavailable)
rNeg    . . .      Spirit   .    b - +0 leather armour
rPois   .          Reflect  .    (no helmet)
rElec   .          Harm     .    p - +0 cloak
rCorr   .          Rampage  .    (no gloves)
Will    .....                    (no boots)
Stlth   +.........               (no amulet)
HPRegen 0.25/turn                (no ring)
MPRegen 0.12/turn                (no ring)

@: glowing, heavily drained
A: sense surroundings 1, otherworldly, glowing, explore regen
a: no special abilities


You were on level 4 of the Dungeon.
You visited 1 branch of the dungeon, and saw 4 of its levels.

You collected 124 gold pieces.

Inventory:

Hand Weapons
 a - a +1 battleaxe of flaming (weapon)
 c - a +0 hand axe
 f - a +0 war axe
 q - a +0 shortbow of flaming
Missiles
 d - 26 stones
 l - 2 boomerangs
Armour
 b - a +0 leather armour (worn)
 p - a +0 cloak (worn)
Wands
 k - a wand of flame (7)
Scrolls
 h - 2 scrolls of amnesia
 m - a scroll of fog {unknown}
Potions
 e - a potion of lignification
 g - a potion of brilliance {unknown}
 i - a potion of mutation {unknown}
 j - a potion of attraction {unknown}
 n - 3 potions of might {unknown}
 o - a potion of heal wounds {unknown}


   Skills:
 - Level 2.1 Fighting
 * Level 6.6 Axes
 - Level 2.4 Dodging
 - Level 2.6 Spellcasting
 - Level 3.6 Conjurations


You had 6 spell levels left.
You knew the following spells:

 Your Spells              Type           Power      Damage    Failure   Level
b - Momentum Strike       Conj/Tloc      12%        3d8       21%         2
p - Kiss of Death         Conj/Necr      24%        2d7       13%         1

Your spell library contained the following spells:

 Spells                   Type           Power      Damage    Failure   Level
 Hailstorm                Conj/Ice       6%         3d4       36%         3


Dungeon Overview and Level Annotations

Branches:
Dungeon (4/15) Zot: 1491
 Temple: D:4-7

Altars:

Annotations:
D:4 Eustachio


Innate Abilities, Weirdness & Mutations

You passively map a small area around you.
You are easily found by Zot.
You glow in the dark.
You regain HP and MP as you explore.


Message History

Eustachio is heavily wounded.
You miss the quasit. You slash the iron imp!
You kill the iron imp!
The iron imp disappears in a puff of smoke!
The quasit bites you.
* * * LOW HITPOINT WARNING * * *
The quasit claws you but does no damage. x2
Eustachio barely misses you.
The quokka bites you but does no damage.
Unknown command.
You closely miss Eustachio.
Eustachio is heavily wounded.
You closely miss the quasit. You completely miss the quokka.
The quasit bites you but does no damage.
The quasit claws you but does no damage.
The quasit barely misses you. The quokka bites you.
* * * LOW HITPOINT WARNING * * *
The quasit bites you but does no damage.
The quasit claws you but does no damage. x2
Eustachio hits you but does no damage.
Unknown command.
Unknown command.
You closely miss Eustachio.
Eustachio is heavily wounded.
You hit the quokka. You burn the quokka. You barely miss the quasit.
You feel less wooden.
Your +0 cloak unmelds from your body.
Your +0 leather armour unmelds from your body.
The quasit bites you but does no damage.
The quasit barely misses you. The quasit claws you.
* * * LOW HITPOINT WARNING * * *
The quokka bites you.
* * * LOW HITPOINT WARNING * * *
Eustachio hits you with a +0 rapier.
* * * LOW HITPOINT WARNING * * *
The quokka misses you.
The quasit bites you but does no damage.
The quasit claws you but does no damage.
The quasit misses you. Eustachio hits you with a +0 rapier!
You die...

, * , , , ......* ..
, , ......* *..... ,
, ...... .....
......#####.... , * *
#...........#+** ,
#...........# , ,
+....5r@....# , ,
,,#....5@.....# #+###
#...........# ....#
#####....#+## **
....#, , #....# ,,
....# , ,, #....#, ,
....# , ###+#....#
....#######........#+
* ,
..<................#
...................#,
* ,


You could see Eustachio, a quasit (summoned), a crimson imp (summoned) and a
quokka.

Vanquished Creatures
  A hound (D:3)
  Ijyb (D:3)
  2 adders
  An ufetubus (D:3)
  A dart slug (D:1)
  5 bats
  5 endoplasms (D:1)
  A giant cockroach (D:4)
  11 hobgoblins
  4 jackals (D:1)
  A quokka (D:1)
  2 ball pythons
  3 goblins
  5 kobolds
  3 rats
46 creatures vanquished.

Vanquished Creatures (others)
  A dart slug (D:1)
1 creature vanquished.

Grand Total: 47 creatures vanquished

Notes
Turn   | Place    | Note
-------+----------+-------------------------------------------
     0 | D:1      | lunkers the Meteoran Reaver began the quest for the Orb.
     0 | D:1      | Reached XP level 1. HP: 17/17 MP: 5/5
    40 | D:1      | Reached skill level 4 in Axes
    40 | D:1      | Reached XP level 2. HP: 12/24 MP: 6/6
    47 | D:1      | Learned a level 2 spell: Momentum Strike
   214 | D:1      | Reached XP level 3. HP: 29/29 MP: 8/8
   229 | D:1      | Reached skill level 5 in Axes
   462 | D:2      | Reached XP level 4. HP: 33/36 MP: 9/9
   570 | D:3      | Reached skill level 6 in Axes
   743 | D:3      | Noticed Ijyb
   754 | D:4      | Identified a scroll of acquirement
   754 | D:4      | Acquired a +1 battleaxe of flaming
   808 | D:3      | Killed Ijyb
   809 | D:3      | Reached XP level 5. HP: 11/34 MP: 8/10
   859 | D:4      | Noticed Eustachio
   878 | D:4      | Slain by Eustachio

Illustrated notes

Levels and vault maps discovered:
D:1:      dpeg_arrival_line_fractal, layout_rooms,
          shapermc_ecumenical_altar_acropolis, amcnicky_mini_corridor_feature
D:2:      layout_basic, basic_altar
D:3:      layout_rooms, uniq_ijyb
D:4:      layout_gridville, minmay_temple_entry_statues_fountains,
          uniq_eustachio

Skill      XL: |  1  2  3  4 |
---------------+-------------+-----
Axes           | 4 5 6 |  6.6
Fighting       | |  2.1
Dodging        | |  2.4
Spellcasting   | |  2.6
Conjurations   | |  3.6

Action                   |  1- 3 |  4- 6 || total
-------------------------+-------+-------++-------
Melee: Hand axe          |    82 |       ||    82
       War axe           |    16 |    34 ||    50
       Battleaxe         |       |    32 ||    32
 Cast: Momentum Strike   |     1 |     1 ||     2
       Kiss of Death     |       |     2 ||     2
  Use: Scroll            |       |     5 ||     5
       Potion            |       |     1 ||     1
Armor: Leather armour    |    30 |    17 ||    47
       Skin              |       |    59 ||    59
Dodge: Dodged            |    63 |    48 ||   111

Table legend: (Time is in decaauts)
 A = Elapsed time spent in this place.
 B = Non-inter-level travel time spent in this place.
 C = Inter-level travel time spent in this place.
 D = Time resting spent in this place.
 E = Time spent auto-exploring this place.
 F = Levels seen in this place.
 G = Mean time per level.
                   A        B        C        D        E       F      G
               +--------+--------+--------+--------+--------+-----+--------+
         Total |    907 |    804 |    103 |      0 |    310 |   4 |  226.8 |
       Dungeon |    907 |    804 |    103 |      0 |    310 |   4 |  226.8 |
               +--------+--------+--------+--------+--------+-----+--------+

Top non-repeatable levels by time:
     D:1: 290 daAuts
     D:2: 276 daAuts
     D:3: 264 daAuts
     D:4: 76 daAuts
